 Dungeon Crawl Stone Soup version 0.26.1-11-gd32895ea62 (webtiles) character file.

Game seed: 4214095575219940279

144 nothank2 the Slasher (level 5, -5/49 HPs)
             Began as a Palentonga Fighter on July 12, 2021.
             Was an Initiate of Makhleb.
             Slain by an ogre
             ... wielding a +0 giant club
              (21 damage)
             ... on level 4 of the Dungeon.
             The game lasted 00:04:29 (3402 turns).

nothank2 the Slasher (Palentonga Fighter)           Turns: 3402, Time: 00:04:30

Health: -5/49      AC:  7    Str: 26    XL:     5   Next: 5%
Magic:  5/5        EV:  5    Int:  9    God:    Makhleb [......]
Gold:   217        SH:  9    Dex:  9    Spells: 4/4 levels left

rFire    + . .     SeeInvis +   a - +0 long sword
rCold    . . .     Faith    .   c - +0 kite shield
rNeg     . . .     Spirit   .   b - +0 scale mail
rPois    .         Reflect  .   g - +0 helmet
rElec    .         Harm     .   (no cloak)
rCorr    .         Rampage  .   (no gloves)
Will     .....                  (no barding)
Stlth    ..........             (no amulet)
HPRegen  0.16/turn              k - ring of protection from fire
MPRegen  0.09/turn              l - +6 ring of strength

@: no status effects
A: large, rugged brown scales 3, see invisible, deformed body, roll 1, armoured
tail
a: Rolling Charge, Renounce Religion


You were on level 4 of the Dungeon.
You worshipped Makhleb.
Makhleb was noncommittal.
You visited 1 branch of the dungeon, and saw 4 of its levels.

You collected 217 gold pieces.

Inventory:

Hand Weapons
 a - a +0 long sword (weapon)
Missiles
 s - 4 boomerangs of dispersal
Armour
 b - a +0 scale mail (worn)
 c - a +0 kite shield (worn)
 g - a +0 helmet (worn)
Jewellery
 k - a ring of protection from fire (left hand)
 l - a +6 ring of strength (right hand)
 u - a +6 ring of intelligence
Scrolls
 e - 4 scrolls of identify {unknown}
 h - 6 scrolls of teleportation {unknown}
 i - 3 scrolls of remove curse {unknown}
 j - 2 scrolls of enchant armour {unknown}
 n - a scroll of immolation {unknown}
 p - a scroll of fear {unknown}
 q - a scroll of noise {unknown}
 v - a scroll of magic mapping {unknown}
Potions
 d - a potion of might
 f - 2 potions of mutation {unknown}
 m - a potion of magic {unknown}
 o - a potion of heal wounds {unknown}
 r - a potion of attraction {unknown}
 t - a potion of ambrosia {unknown}


   Skills:
 + Level 4.1 Fighting
 * Level 4.5 Long Blades
 - Level 2.4 Armour
 - Level 2.4 Shields


You had 4 spell levels left.
You didn't know any spells.
Your spell library was empty.

Dungeon Overview and Level Annotations

Branches:
Dungeon (4/15)
 Temple: D:4-7

Altars:
Ashenzari
Dithmenos
Makhleb
Qazlal
Ru
The Shining One


Innate Abilities, Weirdness & Mutations

You are completely covered in rugged brown scales. (AC +3, +7% HP)
You have supernaturally acute eyesight. (SInv)
Armour fits poorly on your strangely shaped body.
You can roll at nearby foes to attack.
You have a long armoured tail.


Message History

Found 24 arrows and 24 stones.
Found a dagger.
An ogre comes into view. It is wielding a +0 giant club.
The ogre shouts!
You throw a boomerang of dispersal.
The boomerang of dispersal hits the ogre.
The ogre blinks!
You roll forward with a clatter of scales!
You slash the ogre!
Your tail-slap misses the ogre.
The ogre is heavily wounded.
The ogre hits you with a +0 giant club!!
Ouch! That really hurt!
You are too injured to fight recklessly!
You hit the ogre but do no damage.
The ogre is heavily wounded.
The ogre hits you with a +0 giant club!
You hit the ogre.
The ogre is severely wounded.
The ogre hits you with a +0 giant club!!
You die...

...........##
............#
............##
.............#
.....(........#
.............#
...>....O..#
........@.#
..........#
........°##
.........#
.........##
....(..#..#
....#####.##
)### #..##
##..#


You could see an ogre.

Vanquished Creatures
  7 adders
  2 worms
  A dart slug (D:2)
  3 leopard geckos
  9 orcs (D:3)
  A giant cockroach (D:2)
  A goblin (D:2)
  7 hobgoblins
  7 jackals
  2 quokkas (D:3)
  3 ball pythons
  5 bats
  A frilled lizard (D:2)
  6 kobolds
  8 rats
63 creatures vanquished.

Notes
Turn   | Place    | Note
-------+----------+-------------------------------------------
     0 | D:1      | nothank2 the Palentonga Fighter began the quest for the
                  | Orb.
     0 | D:1      | Reached XP level 1. HP: 20/20 MP: 1/1
   185 | D:1      | Reached XP level 2. HP: 23/27 MP: 2/2
   907 | D:2      | Reached XP level 3. HP: 28/33 MP: 3/3
  1188 | D:2      | Found a glowing golden altar of the Shining One.
  1909 | D:3      | Reached XP level 4. HP: 27/42 MP: 4/4
  2315 | D:3      | Found a glowing golden altar of the Shining One.
  2315 | D:3      | Found a stormy altar of Qazlal.
  2317 | D:3      | Found a sacrificial altar of Ru.
  2317 | D:3      | Found a shadowy altar of Dithmenos.
  2319 | D:3      | Found a burning altar of Makhleb.
  2320 | D:3      | Found a broken altar of Ashenzari.
  2328 | D:3      | Became a worshipper of Makhleb the Destroyer
  3258 | D:4      | Reached XP level 5. HP: 49/49 MP: 5/5
  3395 | D:4      | Noticed an ogre
  3402 | D:4      | Slain by an ogre

Illustrated notes

Levels and vault maps discovered:
D:1:      mrwooster_arrival_arrow, layout_loops_ring
D:2:      layout_basic, kennysheep_another_room, tso_metal_star
D:3:      layout_basic, grunt_temple_overflow_open
D:4:      layout_cave_pods

Skill      XL: |  1  2  3  4 |
---------------+-------------+-----
Long Blades    | 3 4 |  4.5
Fighting       | 4 |  4.1
Armour         | |  2.4
Shields        | |  2.4

Action                   |  1- 3 |  4- 6 || total
-------------------------+-------+-------++-------
Melee: Long sword        |   109 |    99 ||   208
       Tailslap          |     6 |    11 ||    17
Throw: Boomerang         |       |     1 ||     1
 Abil: Rolling Charge    |       |     1 ||     1
Armor: Scale mail        |    67 |    45 ||   112
Dodge: Dodged            |    27 |    17 ||    44
Block: Kite shield       |    53 |    48 ||   101
       Rpst.: Long sword |     8 |     6 ||    14
